 Dungeon Crawl Stone Soup version 0.27.0-1-g7a089689b8 (webtiles) character file.

Game seed: 16249396998339511190

2321 sanka the Fighter (level 9, 0/81 HPs)
             Began as a Ghoul Arcane Marksman on Aug 4, 2021.
             Shot with an arrow by a centaur (6 damage)
             ... on level 7 of the Dungeon.
             The game lasted 00:12:37 (7033 turns).

sanka the Fighter (Ghoul Arcane Marksman)           Turns: 7033, Time: 00:12:37

Health: 0/81       AC: 13    Str: 20    XL:     9   Next: 42%
Magic:  18/18      EV: 10    Int: 11    God:
Gold:   350        SH:  0    Dex:  4    Spells: 9/10 levels left

rFire    . . .     SeeInvis +   b - +9 long sword of Victory {flame, Will++ Str+3 Dex-5 SInv}
rCold    + . .     Faith    .   (no shield)
rNeg     + + +     Spirit   .   f - +1 scale mail {Will+}
rPois    ∞         Reflect  .   i - +1 helmet {Int+3}
rElec    .         Harm     .   (no cloak)
rCorr    .         Rampage  .   (no gloves)
Will     +++..                  d - +2 pair of boots
Stlth    ..........             (no amulet)
HPRegen  0.00/turn              (no ring)
MPRegen  0.16/turn              B - ring of magical power

@: inhibited regen
A: claws 1, cold resistance 1, negative energy resistance 3, inhibited
regeneration, torment resistance 2
a: no special abilities


You were on level 7 of the Dungeon.
You visited 1 branch of the dungeon, and saw 7 of its levels.
You also visited: Sewer.

You collected 350 gold pieces.


Innate Abilities, Weirdness & Mutations

You thrive by killing the living.
You are immune to poison.
You have sharp fingernails.
Your flesh is cold resistant. (rC+)
You are immune to negative energy. (rN+++)
You do not regenerate when monsters are visible.
You are immune to unholy pain and torment.


   Skills:
 + Level 8.2 Fighting
 * Level 5.7(6.3) Axes
 - Level 4.1(5.5) Polearms
 - Level 1.7 Crossbows
 + Level 5.0 Armour
 - Level 1.7 Dodging
 - Level 1.0 Spellcasting
 - Level 2.4 Hexes


You had 9 spell levels left.
You knew the following spells:

 Your Spells              Type           Power      Damage    Failure   Level
Z - Corona                Hex            5%         N/A       32%         1

Your spell library contained the following spells:

 Spells                   Type           Power      Damage    Failure   Level
 Slow                     Hex            5%         N/A       45%         2
 Ensorcelled Hibernation  Hex/Ice        6%         N/A       63%         2
 Inner Flame              Hex/Fire       3%         N/A       85%         3
 Portal Projectile        Hex/Tloc       6%         N/A       85%         3
 Cause Fear               Hex            2%         N/A       97%         4
 Dispersal                Tloc           0%         N/A       100%        6
 Shadow Creatures         Summ           N/A        N/A       100%        6
 Summon Hydra             Summ           0%         N/A       100%        7
 Disjunction              Tloc           0%         N/A       100%        8
 Sublimation of Blood     Necr           Unusable   N/A       N/A         2
 Wereblood                Tmut           Unusable   N/A       N/A         2
 Spider Form              Tmut/Pois      Unusable   N/A       N/A         3

Inventory:

Hand Weapons
 a - a +0 hand crossbow
 b - the +9 long sword of Victory (weapon) {flame, Will++ Str+3 Dex-5 SInv}

   It burns those it strikes, dealing additional fire damage.
   Big, fiery blades are also staple armaments of hydra-hunters.
   Str:       It affects your strength (+3).
   Dex:       It affects your dexterity (-5).
   SInv:      It lets you see invisible.
   Will:      It greatly increases your willpower.
 l - a +0 vorpal broad axe
 y - a +1 demon trident of flaming
Missiles
 c - 101 bolts
Armour
 d - a +2 pair of boots (worn)
 f - a +1 scale mail of willpower (worn)
 i - a +1 helmet of intelligence (worn)
Jewellery
 B - a ring of magical power (right claw)
Wands
 t - a wand of flame (10)
 u - a wand of polymorph (17)
Scrolls
 e - 4 scrolls of identify {@r1}
 g - 3 scrolls of teleportation {@r4}
 j - a scroll of vulnerability {!r}
 s - 3 scrolls of blinking
 v - a scroll of fear
 w - a scroll of fog
Potions
 h - 2 potions of mutation {unknown}
 k - 3 potions of haste {unknown}
 m - a potion of flight {unknown}
 n - 2 potions of cancellation {unknown}
 o - 2 potions of curing {unknown}
 p - 3 potions of invisibility {unknown}
 q - 2 potions of ambrosia {unknown}
 r - 3 potions of might {unknown}
 x - 4 potions of brilliance {unknown}
 z - 3 potions of heal wounds {unknown}
 A - 2 potions of lignification {unknown}

Dungeon Overview and Level Annotations

Branches:
Dungeon (7/15)              Sewer (visited)
 Temple: D:4-7

Altars:
Elyvilon
Okawaru
Xom

Shops:
D:3 * D:6

= ▒.▒+▒▒+▒..▒ ▒.▒.▒..
..▒ ▒▒▒▒.▒.▒.▒▒..▒
▒<...▒.▒..▒..▒
▒▒▒..▒.▒..▒..▒ ▒
▒..▒....▒..▒ ▒▒▒
▒..▒.▒<.▒..▒ ▒▒▒..
▒.......▒..▒ ▒▒▒.)..
▒▒.▒▒▒n▒▒..▒ ▒.....▒
▒.........▒ ▒▒▒..▒▒▒
▒▒▒▒▒J....▒
▒▒▒.'.).▒▒
▒.....▒▒▒...▒▒..▒.
▒.....▒......▒....
▒.....▒▒..▒..▒▒...
▒▒▒▒......▒......▒.▒▒
▒........c▒▒...▒▒▒▒▒.
▒..........▒.▒'▒.▒...


You could see a slime creature and a centaur.


Message History

The centaur wields a +0 shortbow.
The centaur shoots an arrow.
The arrow barely misses you.
The centaur shoots an arrow.
The arrow hits you but does no damage.
There is an open door, spattered with blood here.
You see here a bullfrog skeleton.
There is an open door here.
The centaur shoots an arrow.
The arrow hits you but does no damage.
The centaur shoots an arrow.
The arrow hits you.
* * * LOW HITPOINT WARNING * * *
The centaur shoots an arrow.
The arrow hits you.
* * * LOW HITPOINT WARNING * * *
The centaur shoots an arrow.
The arrow closely misses you.
The centaur shoots an arrow.
The arrow hits you!
* * * LOW HITPOINT WARNING * * *
The centaur shoots an arrow.
The arrow hits you!
* * * LOW HITPOINT WARNING * * *
The centaur shoots an arrow.
The arrow hits you!
* * * LOW HITPOINT WARNING * * *
The centaur shoots an arrow.
The arrow hits you.
You die...

Action                   |  1- 3 |  4- 6 |  7- 9 || total
-------------------------+-------+-------+-------++-------
Melee: Unarmed           |    93 |    83 |       ||   176
       War axe           |       |   120 |       ||   120
       Long sword        |       |    36 |   198 ||   234
 Fire: Hand crossbow     |    12 |    20 |       ||    32
  Use: Scroll            |       |       |     7 ||     7
Armor: Scale mail        |    33 |   131 |   113 ||   277
       Robe              |     1 |       |       ||     1
Dodge: Dodged            |    47 |   142 |   112 ||   301
       Rpst.: Long sword |       |     9 |    33 ||    42

Levels and vault maps discovered:
D:1:      minmay_arrival_cross, layout_rooms, minmay_tetromino_t4
D:2:      layout_rooms, basic_altar,
          hellmonk_ecumenical_altar_pennies_from_heaven, minmay_misc_feat_chi,
          uniq_natasha
D:3:      kb_forest_paths, layout_basic, okawaru_metal_pillars_1_2,
          serial_shops, nicolae_shop_overgrown_old_shop
D:4:      layout_basic, elyvilon_altar_4
D:5:      kennysheep_big_flooded_room, layout_loops_cross,
          cheibrodos_sewer_entry_drain, supply_closet_lemuel
D:6:      layout_basic, serial_shops, shop, minmay_misc_feat_room, sigmund_army
D:7:      minmay_slanted_spiral_squares, layout_basic,
          minmay_temple_entry_statues_fountains, uniq_prince_ribbit1

Notes
Turn   | Place    | Note
-------+----------+-------------------------------------------
     0 | D:1      | sanka the Ghoul Arcane Marksman began the quest for the
                  | Orb.
     0 | D:1      | Reached XP level 1. HP: 16/16 MP: 1/1
    73 | D:1      | Reached skill level 2 in Fighting
   455 | D:1      | Reached XP level 2. HP: 15/24 MP: 2/2
   989 | D:2      | Noticed Natasha
   992 | D:2      | Noticed a crimson imp
  1209 | D:2      | Found a shimmering altar of Xom.
  1212 | D:2      | Reached skill level 3 in Fighting
  1216 | D:1      | Reached XP level 3. HP: 31/31 MP: 3/3
  1281 | D:2      | Killed Natasha
  1282 | D:2      | Reached skill level 4 in Fighting
  1282 | D:2      | Reached XP level 4. HP: 40/40 MP: 4/4
  1414 | D:2      | Noticed Natasha
  1417 | D:2      | Killed Natasha
  1438 | D:2      | Noticed Natasha
  1446 | D:2      | Killed Natasha
  1447 | D:2      | Reached skill level 5 in Fighting
  1627 | D:2      | Reached XP level 5. HP: 32/48 MP: 5/5
  1806 | D:2      | Found a faded altar of an unknown god.
  2128 | D:3      | Reached skill level 1 in Axes
  2154 | D:3      | Reached skill level 2 in Axes
  2427 | D:3      | Found Weypyghe's Assorted Antiques.
  2847 | D:3      | Reached XP level 6. HP: 56/56 MP: 6/6
  2880 | D:3      | Found an iron altar of Okawaru.
  3130 | D:4      | Identified the +9 long sword of Victory {flame, Will++
                  | Str+3 Dex-5 SInv}
  3144 | D:4      | Noticed a black bear
  3156 | D:4      | Killed a black bear
  3157 | D:4      | Reached skill level 1 in Armour
  3402 | D:4      | Reached skill level 3 in Axes
  3672 | D:4      | Reached XP level 7. HP: 55/62 MP: 7/7
  3851 | D:5      | Entered Level 5 of the Dungeon
  3910 | D:5      | Reached skill level 6 in Fighting
  3910 | D:5      | Reached skill level 4 in Axes
  3910 | D:5      | Reached skill level 2 in Armour
  3919 | D:5      | Found a glowing drain.
  3995 | Sewer    | Entered a sewer
  4761 | D:5      | Identified a scroll of acquirement
  4801 | D:5      | Acquired a +1 helmet of intelligence
  4985 | D:5      | Noticed a troll
  4985 | D:5      | Noticed a yak
  5000 | D:4      | Killed a troll
  5001 | D:4      | Reached skill level 2 in Polearms
  5001 | D:4      | Reached skill level 3 in Armour
  5001 | D:4      | Reached XP level 8. HP: 40/71 MP: 8/8
  5156 | D:4      | Killed a yak
  5157 | D:4      | Reached skill level 7 in Fighting
  5552 | D:6      | Reached skill level 3 in Polearms
  5859 | D:6      | Found Tudwy's Jewellery Shop.
  5886 | D:6      | Reached skill level 4 in Armour
  6040 | D:6      | Reached skill level 4 in Polearms
  6516 | D:7      | Reached XP level 9. HP: 71/79 MP: 9/9
  6580 | D:7      | Noticed Prince Ribbit
  6583 | D:7      | Killed Prince Ribbit
  6691 | D:7      | Reached skill level 5 in Axes
  6713 | D:7      | Reached skill level 8 in Fighting
  6859 | D:7      | Reached skill level 5 in Armour
  7033 | D:7      | HP: 6/81 [centaur/arrow (11)]
  7033 | D:7      | Shot with an arrow by a centaur

Vanquished Creatures
  A troll (D:4)
  Prince Ribbit (D:7)
  A yak (D:4)
  2 orc warriors
  An ice beast (D:6)
  A black bear (D:4)
  A necrophage (D:7)
  2 ogres
  2 phantoms
  A bullfrog (D:7)
  A scorpion (D:7)
  A wyvern skeleton (D:7)
  A water moccasin skeleton (D:6)
  3 wights (D:7)
  3 bullfrog zombies
  A bullfrog skeleton (D:5)
  2 orc priests
  A centaur skeleton (D:6)
  An iguana (D:4)
  Natasha (thrice) (D:2)
  2 orc wizards (D:3)
  A hound skeleton (D:5)
  A howler monkey zombie (D:5)
  3 gnolls
  8 adders
  An ufetubus (D:4)
  An adder skeleton (D:4)
  A worm (D:5)
  3 dart slugs
  19 orcs
  8 endoplasms
  7 giant cockroaches
  8 goblins
  13 hobgoblins
  18 jackals
  13 kobolds
  3 quokkas
  6 ball pythons
  2 bats (D:2)
  6 frilled lizards
  6 rats
160 creatures vanquished.

Vanquished Creatures (others)
  A quokka (D:4)
  8 plants
9 creatures vanquished.

Grand Total: 169 creatures vanquished
